 Dungeon Crawl Stone Soup version 0.30.1-1-g62c8e00024 (webtiles) character file.

Game seed: 13148191340187553820

321 NateTC the Ruffian (level 6, 0/61 HPs)
             Began as a Troll Fighter on July 5, 2023.
             Slain by a killer bee (4 damage)
             ... on level 4 of the Dungeon on July 16, 2023.
             The game lasted 00:17:12 (2654 turns).

NateTC the Ruffian (Troll Fighter)                  Turns: 2654, Time: 00:17:12

Health: 0/61       AC:  5    Str: 25    XL:     6   Next: 22%
Magic:  5/5        EV:  8    Int:  6    God:
Gold:   190        SH:  8    Dex:  9    Spells: 5/5 levels left

rFire   . .          .
                       - Unarmed
rCold   . . .        b - +0 kite shield
rNeg    . . .        a - +0 robe
rPois   .            (helmet restricted)
rElec   .            l - +0 cloak
rCorr   .            (gloves unavailable)
SInv    .            (boots unavailable)
Will    .....        (no amulet)
Stlth   +            (no ring)
HPRegen 1.10/turn    (no ring)
MPRegen 0.09/turn

%: no passive effects
@: lethally poisoned (0 -> -1)
A: large, unfitting armour, claws 3, regeneration 1, shaggy fur 1, tough skin 1
a: no special abilities


You were on level 4 of the Dungeon.
You visited 1 branch of the dungeon, and saw 6 of its levels.

You collected 190 gold pieces.

Inventory:

Armour
 a - a +0 robe (worn)
 b - a +0 kite shield (worn)
 f - a +0 tower shield
 l - a +0 cloak (worn)
Jewellery
 i - a ring of ice
 o - an amulet of guardian spirit
Scrolls
 g - 2 scrolls of identify {unknown}
 h - a scroll of fear {unknown}
 j - 3 scrolls of blinking {unknown}
 m - a scroll of teleportation {unknown}
Potions
 c - a potion of might
 d - 2 potions of heal wounds {unknown}
 e - a potion of curing {unknown}
 k - 2 potions of haste {unknown}
 n - a potion of attraction {unknown}
 p - a potion of lignification {unknown}


   Skills:
 + Level 3.6 Fighting
 - Level 2.4 Dodging
 + Level 3.7 Shields
 * Level 5.0 Unarmed Combat


You had 5 spell levels left.
You didn't know any spells.
Your spell library contained the following spells:

 Spells                   Type           Power      Damage    Failure   Level
 Portal Projectile        Hex/Tloc       0%         N/A       97%         3
 Tukima's Dance           Hex            0%         N/A       97%         3
 Blade Hands              Tmut           0%         N/A       100%        5


Dungeon Overview and Level Annotations

Branches:
Dungeon (6/15) Zot: 26874
 Temple: D:4-7

Altars:
Elyvilon
Fedhas
Uskayaw


Innate Abilities, Weirdness & Mutations

You are too large for most types of armour.
You have claws for hands.
Your natural rate of healing is unusually fast.
You are covered in fur. (AC +1)
You have tough skin. (AC +1)


Message History

You feel very sick.
A hound comes into view.
The killer bee barely misses you. You block the killer bee's attack.
You closely miss the killer bee.
The killer bee is severely wounded.
You feel sick. The killer bee stings you. x2
You barely miss the killer bee.
The killer bee is severely wounded.
You feel sick. The killer bee stings you. You block the killer bee's attack.
You closely miss the killer bee.
The killer bee is severely wounded.
You feel sick. The killer bee stings you.
* * * LOW HITPOINT WARNING * * *
The killer bee barely misses you.
You miss the killer bee.
The killer bee is severely wounded.
You feel sick. The killer bee closely misses you.
You block the killer bee's attack.
You claw the killer bee!
You kill the killer bee!
You feel sick. You block the killer bee's attack.
Your Unarmed Combat skill increases to level 5!
You miss the killer bee.
You feel sick.
The killer bee stings you but does no damage.
The killer bee stings you.
* * * LOW HITPOINT WARNING * * *
You barely miss the killer bee.
You feel sick.
You are no longer poisoned.
The killer bee stings you.
* * * LOW HITPOINT WARNING * * *
You are poisoned.
The killer bee poisons you!
The killer bee stings you but does no damage.
You barely miss the killer bee.
You feel sick. The killer bee barely misses you. The killer bee stings you.
* * * LOW HITPOINT WARNING * * *
You completely miss the killer bee.
You feel sick. The killer bee stings you.
* * * LOW HITPOINT WARNING * * *
The killer bee stings you.
You die...

###...#########
.....##...##..##
#...#.#.#.##...
#...#.(#(..#._.
#..#(#(#(##...
#..##(((##..###. .#
#...#########...#.#
#.hyy@............ .#
###y#########.##.# .#
#..§$...###.##.###.#
##.......##.##......
#...#...##.##......
.....###..§§.........
##.#...#...##.##...>..
#.#..###..##.........
# ..## ##....##......


You could see a hound, 3 killer bees and 8 dancing weapons.

Vanquished Creatures
  A black bear (D:6)
  A phantom (D:4)
  A killer bee (D:4)
  A hound (D:4)
  2 adders (D:2)
  An ufetubus (D:5)
  3 ball pythons
  3 endoplasms
  3 giant cockroaches
  8 goblins
  7 hobgoblins
  4 jackals (D:2)
  7 kobolds
  A quokka (D:1)
  7 bats
  5 frilled lizards
  7 rats
62 creatures vanquished.

Notes
Turn   | Place    | Note
-------+----------+-------------------------------------------
     0 | D:1      | NateTC the Troll Fighter began the quest for the Orb.
     0 | D:1      | Reached XP level 1. HP: 22/22 MP: 0/0
   207 | D:1      | Reached XP level 2. HP: 29/29 MP: 1/1
   443 | D:1      | Upgraded the game from 0.30.1 to 0.30.1-1-g62c8e00024
  1077 | D:2      | Reached skill level 3 in Unarmed Combat
  1144 | D:2      | Found a faded altar of an unknown god.
  1172 | D:2      | Found a blossoming altar of Fedhas.
  1188 | D:2      | Reached XP level 3. HP: 36/36 MP: 2/2
  2147 | D:3      | Reached XP level 4. HP: 42/45 MP: 3/3
  2276 | D:3      | Identified the +5 ring mail of New Discoveries {rN++}
  2328 | D:3      | You fall into a shaft and drop 3 floors!
  2331 | D:6      | Noticed a black bear
  2338 | D:6      | Killed a black bear
  2339 | D:6      | Reached skill level 4 in Unarmed Combat
  2339 | D:6      | Reached XP level 5. HP: 53/53 MP: 4/4
  2451 | D:5      | Entered Level 5 of the Dungeon
  2583 | D:4      | Found a white marble altar of Elyvilon.
  2630 | D:4      | Noticed a phantom
  2639 | D:4      | Noticed a +0 short sword
  2639 | D:4      | Noticed a +0 dagger
  2639 | D:4      | Noticed a +0 falchion
  2639 | D:4      | Noticed a +0 short sword
  2639 | D:4      | Noticed a +0 falchion
  2639 | D:4      | Noticed a +0 spear
  2639 | D:4      | Noticed a +0 dagger
  2639 | D:4      | Noticed a +0 spear
  2641 | D:4      | Killed a phantom
  2642 | D:4      | Reached XP level 6. HP: 49/61 MP: 5/5
  2642 | D:4      | Found a hide-covered altar of Uskayaw.
  2651 | D:4      | Reached skill level 5 in Unarmed Combat
  2654 | D:4      | Slain by a killer bee

Illustrated notes

Levels and vault maps discovered:
D:1:      dpeg_arrival_three_same_balls, layout_loops_ring, roderic_lattice_a,
          fountainhead, minivault_5, nicolae_hexahallways
D:2:      layout_basic, shapermc_ecumenical_altar_mp_urbaneastern, basic_altar
D:3:      layout_basic
D:4:      layout_loops_corners, elyvilon_altar_5, nicolae_uskayaw_en_pointe,
          serial_shops, shop, serial_bayou_pond_b, nicolae_figureground_pulse,
          uniq_pikel
D:5:      layout_rooms, mainiacjoe_overflow_catwalk, nrook_pool_corridor,
          uniq_duvessa
D:6:      layout_rooms, minmay_temple_entry_stoned_glass, uniq_maggie

Skill      XL: |  1  2  3  4  5  6 |
---------------+-------------------+-----
Unarmed Combat | 3 4 5 |  5.0
Fighting       | 3 |  3.6
Shields        | 3 |  3.7
Dodging        | |  2.4

Action                     |  1- 3 |  4- 6 || total
---------------------------+-------+-------++-------
  Melee: Unarmed           |   129 |    50 ||   179
    Use: Scroll            |       |     1 ||     1
   Stab: Sleeping          |     1 |       ||     1
 Armour: Robe              |    43 |    17 ||    60
  Dodge: Dodged            |    29 |    16 ||    45
  Block: Kite shield       |    35 |    19 ||    54
